 Dungeon Crawl Stone Soup version 0.20.1-1-g8b1a95d (webtiles) character file.

60 Irenicus the Chopper (level 3, -1/33 HPs)
             Began as a Deep Dwarf Monk on Oct 26, 2017.
             Slain by a gnoll
             ... wielding a +0 spear
              (5 damage)
             ... on level 2 of the Dungeon.
             The game lasted 00:05:17 (1346 turns).

Irenicus the Chopper (Deep Dwarf Monk)              Turns: 1346, Time: 00:05:18

Health: -1/33      AC:  3    Str: 19    XL:     3   Next: 82%
Magic:  3/3        EV: 13    Int: 10    God:
Gold:   78         SH:  0    Dex: 16    Spells: 2/2 levels left

rFire    . . .     SeeInvis .   a - +0 hand axe
rCold    . . .     Gourm    .   (no shield)
rNeg     . . .     Faith    .   d - +0 leather armour
rPois    .         Spirit   .   (no helmet)
rElec    .         Reflect  .   (no cloak)
rCorr    .         Harm     .   (no gloves)
MR       +....                  (no boots)
Stlth    ++........             (no amulet)
Regen    0.0/turn               h - ring of protection from magic
MPRegen  0.1/turn               (no ring)

@: mighty, flying, non-regenerating
A: damage resistance, heal wounds, sense surroundings 1, no regeneration
a: Heal Wounds


You were on level 2 of the Dungeon.
You were hungry.

You visited 1 branch of the dungeon, and saw 2 of its levels.

You collected 78 gold pieces.

Inventory:

Hand Weapons
 a - a +0 hand axe (weapon)
Armour
 b - a +0 robe
 d - a +0 leather armour (worn)
Jewellery
 h - a ring of protection from magic (left hand)
Scrolls
 f - a scroll of recharging {unknown}
 g - a scroll of magic mapping {unknown}
 j - 2 scrolls of remove curse {unknown}
 n - a scroll of fog {unknown}
Potions
 e - 4 potions of curing
 k - 2 potions of might
 l - a potion of ambrosia {unknown}
 p - a potion of agility {unknown}
Comestibles
 c - a bread ration
 m - a meat ration
 o - a royal jelly
 q - 5 chunks of flesh


   Skills:
 - Level 2.6 Fighting
 + Level 5.2 Axes
 - Level 3.2 Dodging
 - Level 2.4 Stealth


You had 2 spell levels left.
You didn't know any spells.

Dungeon Overview and Level Annotations

Branches:
Dungeon (2/15)

Altars:
Trog


Innate Abilities, Weirdness & Mutations

You are resistant to damage.
You can heal yourself by infusing magical energy.
You passively map a small area around you.
You do not regenerate.


Message History

The hobgoblin closely misses you.
You hit the hobgoblin.
You kill the hobgoblin!
It was a potion of might.
You feel very mighty all of a sudden. The rat bites you.
You slash the rat!
You kill the rat!
You are feeling hungry.
Found a scroll labeled TAOZES VIOVO.
Found a stone staircase leading down.
Okay, then.
You barely miss the gnoll. The gnoll hits you with a spear.
* * * LOW HITPOINT WARNING * * *
You slash the gnoll!
The gnoll is almost dead.
The gnoll hits you from afar with a spear.
* * * LOW HITPOINT WARNING * * *
The gnoll hits you with a spear!
You die...

##.### #g##.#
#.........#.#.### ..)#
#)##.###.........# #...#
####
#.##w.##...........###.#
#)###.##.........### #.#
** ####.###..#.........#
#.# ,
........#.#.........#
#.# ........#..#.# * ,*
#.# .?.....g##.#.# * ,,
#.# , ........##@..## *
* #.# .........###g..#
#.# ..........gg.g..#
#.# , .?......####..#
#.. ,, ........# >.# ###
* ,........#* ..#
........# ..# ,
........# #.# *
#########*,, .#


You could see a worm and 2 gnolls.

Vanquished Creatures
  An adder (D:2)
  A gnoll (D:2)
  A leopard gecko (D:2)
  3 bats (D:1)
  3 giant cockroaches
  9 goblins
  6 hobgoblins
  3 kobolds (D:2)
  A ball python (D:2)
  2 frilled lizards
  8 rats
38 creatures vanquished.

Notes
Turn   | Place    | Note
-------+----------+-------------------------------------------
     0 | D:1      | Irenicus the Deep Dwarf Monk began the quest for the Orb.
     0 | D:1      | Reached XP level 1. HP: 20/20 MP: 1/1
   325 | D:1      | Reached XP level 2. HP: 25/27 MP: 2/2
   346 | D:1      | Reached skill level 4 in Axes
   915 | D:2      | Found a bloodstained altar of Trog.
   956 | D:2      | Reached XP level 3. HP: 31/33 MP: 3/3
  1213 | D:2      | Reached skill level 5 in Axes
  1346 | D:2      | Slain by a gnoll

Skill      XL: |  1  2  3 |
---------------+----------+-----
Axes           | 4 5 |  5.2
Fighting       | |  2.6
Dodging        | |  3.2
Stealth        | |  2.4

Action                   || total
-------------------------++-------
Melee: Hand axe          ||   121
  Use: Potion            ||     3
 Stab: Sleeping          ||     5
  Eat: Chunk             ||     1
Armor: Leather armour    ||    26
Dodge: Dodged            ||    65
